Map: 2000 Atmospheres LE

Players

A.I. 1 (Very Easy)

  • Race: Zerg Zerg

RustyShacky - Winner!

  • Race: Terran Terran

VOD

Have the link to the VOD?

Description

Time

  • Played on: Jan. 24, 2022, 11:55 p.m.
  • Length: 8:20
Show
View Real Time Build Order
Export as new Build Order

A.I. 1 (Very Easy) Zerg 

Build Orders: Pool Only 

Get SALT Encoding   

  12  0:01  Drone  
  13  0:12  Overlord  
  13  0:16  Drone  
  14  0:35  Spawning Pool  
  13  0:36  Extractor  
  13  0:39  Drone  
  13  0:46  Drone  
  14  0:51  Overlord  
  14  1:21  Queen  
  14  1:22  Zergling x2  
  17  1:29  Roach Warren  
  17  1:32  Drone  
  17  1:36  Extractor  
  16  1:41  Drone  
  17  1:49  Zergling x2  
  18  1:59  Drone  
  19  2:06  Drone  
  21  2:15  Drone  
  21  2:16  Zergling x2  
  22  2:26  Overlord  
  22  2:28  Drone  
  23  2:35  Drone  
  24  2:43  Drone, Roach  
  27  5:33  Zergling x2  
  28  5:37  Queen  
  28  5:39  Overlord  
  23  5:50  Drone, Roach Warren  
  22  5:59  Spawning Pool, Drone  
  20  6:07  Drone  
  15  6:14  Drone  
  15  6:17  Extractor  
  14  6:21  Drone  
  15  6:26  Extractor  
  15  6:28  Drone  
  15  6:30  Roach  
  15  6:34  Extractor  
  15  6:35  Drone  
  15  6:36  Extractor  
  13  6:43  Drone  
  16  6:50  Drone  
  13  6:57  Drone, Zergling x2  
  13  7:04  Drone  
  10  7:11  Drone  
  9  7:18  Drone  
  9  7:25  Drone  
  9  7:26  Roach  
Show
View Real Time Build Order
Export as new Build Order

RustyShacky Terran - Winner!

Build Orders: Mech 

Get SALT Encoding   

  12  0:00  SCV  
  13  0:12  SCV  
  14  0:17  Supply Depot  
  14  0:24  SCV  
  15  0:38  SCV  
  15  0:39  Barracks  
  16  0:43  Refinery  
  16  0:50  SCV  
  17  1:02  SCV  
  18  1:14  SCV  
  19  1:26  Marine  
  19  1:27  Orbital Command  
  20  1:39  Command Center  
  20  1:44  Marine  
  21  1:54  SCV  
  22  1:58  Supply Depot  
  22  2:02  Barracks Reactor  
  22  2:06  SCV  
  23  2:11  Factory  
  23  2:20  SCV  
  24  2:27  Refinery  
  24  2:28  Bunker  
  24  2:32  SCV  
  25  2:38  Marine x2  
  25  2:44  SCV  
  28  2:53  Orbital Command  
  28  2:56  SCV  
  28  2:57  Refinery  
  29  3:00  Factory Tech Lab  
  29  3:01  Starport  
  29  3:07  Marine  
  29  3:08  SCV, Marine  
  32  3:20  SCV  
  32  3:21  SCV  
  32  3:25  Siege Tank  
  37  3:28  Marine x2  
  37  3:32  SCV  
  37  3:33  SCV  
  41  3:38  Supply Depot  
  41  3:40  Medivac  
  43  3:45  SCV x2  
  45  3:57  SCV  
  45  3:59  SCV, Siege Tank  
  45  4:01  Supply Depot  
  50  4:05  Marine x2  
  50  4:09  SCV  
  53  4:11  SCV  
  54  4:18  Fusion Core  
  54  4:23  SCV x2, Medivac  
  58  4:25  Supply Depot  
  58  4:31  Siege Tank  
  58  4:32  Marine  
  62  4:44  Supply Depot  
  62  4:45  Supply Depot  
  62  4:46  SCV x2, Marine  
  65  4:58  SCV x2  
  67  5:11  SCV x2  
  69  5:15  Refinery  
  69  5:19  Command Center  
  69  5:24  Battlecruiser  
  69  5:25  SCV x2  
  69  5:27  Supply Depot  
  77  5:31  Supply Depot  
  77  5:37  SCV x2  
  77  5:38  Hellion x2  
  83  5:49  SCV  
  84  5:50  Factory x2  
  84  5:51  SCV  
  84  5:52  Armory  
  85  6:00  Hellion x2  
  85  6:01  SCV  
  85  6:03  SCV  
  89  6:12  Supply Depot  
  89  6:13  SCV  
  89  6:15  Supply Depot, SCV  
  91  6:19  Engineering Bay  
  91  6:22  Hellion x2  
  95  6:26  SCV  
  95  6:27  SCV  
  97  6:37  Refinery, Factory Tech Lab x2  
  97  6:38  SCV  
  97  6:39  SCV  
  105  6:40  Battlecruiser, Refinery  
  105  6:45  Armory  
  105  6:49  Hellion  
  105  6:50  SCV  
  105  6:51  SCV  
  109  6:54  Orbital Command  
  109  6:58  Supply Depot  
  109  7:01  Supply Depot  
  109  7:03  Siege Tank  
  109  7:05  Siege Tank  
  115  7:11  SCV  
  115  7:12  SCV  
  117  7:19  Hellbat  
  117  7:20  Hellbat  
  121  7:23  Command Center  
  121  7:24  SCV x2  
  123  7:30  Supply Depot, SCV  
  123  7:32  Supply Depot  
  123  7:36  Thor  
  130  7:38  SCV x2  
  130  7:42  SCV  
  149  8:17  Factory  
  149  8:18  Factory  
Tags
 
Composition
Mech
Matchup
TvZ
Opening
Pool Only
Add a new tag
Caveats
  • Supply blocks, unpowered buildings, or Contaminate may cause inaccurate times.
  • Supply counts are checked every 10 seconds.